 Dungeon Crawl Stone Soup version 0.30-a0-476-g330ca2eb8e (webtiles) character file.

Game seed: 3302531391916824113

32 xzight the Firebug (level 3, -1/20 HPs)
             Began as a Deep Elf Fire Elementalist on Dec 22, 2022.
             Slain by Terence
             ... wielding a +0 short sword
              (5 damage)
             ... on level 2 of the Dungeon.
             The game lasted 00:05:04 (1124 turns).

xzight the Firebug (Deep Elf Fire Elementalist)     Turns: 1124, Time: 00:05:04

Health: -1/20      AC:  3    Str:  5    XL:     3   Next: 10%
Magic:  0/9        EV: 13    Int: 21    God:
Gold:   131        SH:  0    Dex: 21    Spells: 5/8 levels left

rFire   . . .      SeeInvis .    i - +0 dagger
rCold   . . .      Faith    .    (no shield)
rNeg    . . .      Spirit   .    a - +0 robe
rPois   .          Reflect  .    (no helmet)
rElec   .          Harm     .    (no cloak)
rCorr   .          Rampage  .    (no gloves)
Will    .....                    m - +0 pair of boots
Stlth   ++........               (no amulet)
HPRegen 0.23/turn                L - ring of flight
MPRegen 0.11/turn                D - +6 ring of dexterity

@: flying, very slightly contaminated
A: no striking features
a: no special abilities


You were on level 2 of the Dungeon.
You visited 1 branch of the dungeon, and saw 2 of its levels.

You collected 131 gold pieces.


   Skills:
 + Level 0.6 Fighting
 + Level 2.9 Dodging
 - Level 2.4 Stealth
 + Level 3.3 Spellcasting
 + Level 1.5 Conjurations
 * Level 3.8 Fire Magic


You had 5 spell levels left.
You knew the following spells:

 Your Spells              Type           Power      Damage    Failure   Level
a - Foxfire               Conj/Fire      56%        2x1d6     4%          1
b - Scorch                Fire           38%        2d7       4%          2

Your spell library contained the following spells:

 Spells                   Type           Power      Damage    Failure   Level
 Kiss of Death            Conj/Necr      24%        2d7       10%         1
 Inner Flame              Hex/Fire       11%        N/A       17%         3
 Kindle Blastsparks       Fire/Tloc/Air  16%        2d11      22%         3
 Confusing Touch          Hex            3%         N/A       36%         3
 Flame Wave               Conj/Fire      14%        2d6       38%         4
 Dispel Undead            Necr           3%         3d7       77%         4

Inventory:

Hand Weapons
 i - a +0 dagger (weapon)
Armour
 a - a +0 robe (worn)
 m - a +0 pair of boots (worn)
Jewellery
 D - a +6 ring of dexterity (right hand)
 L - a ring of flight (left hand)
Scrolls
 d - a scroll of enchant armour {unknown}
 f - 2 scrolls of identify {unknown}
 k - a scroll of noise {unknown}
Potions
 b - a potion of magic
 c - a potion of lignification {unknown}
 e - a potion of mutation {unknown}
 g - a potion of heal wounds {unknown}
 h - a potion of curing {unknown}
 j - a potion of berserk rage {unknown}
 l - a potion of brilliance {unknown}

Dungeon Overview and Level Annotations

Branches:
Dungeon (2/15)

Altars:

Annotations:
D:2 Terence

#..........+
#..........#####.#
#.................
#..........#####.#
#..........# #.#
##........#### #.#
#...........# #S#
#.....^.....###@####...
########.......@.......
#........ยง......
#.............##
#........######
#....##### #....#
######


You could see Terence (combustible) and an adder.


Message History

Confirm with . or Enter, or press ? or * to list all spells.
Flames lash Terence.
Terence is heavily wounded.
Terence's fire resistance burns away.
Terence hits you with a +0 short sword. Terence hits you with a +0 short sword.
Casting: Scorch (safe; 4% risk of failure)
Confirm with . or Enter, or press ? or * to list all spells.
You miscast Scorch.
You are very lightly contaminated with residual magic.
Nothing appears to happen.
Terence hits you with a +0 short sword.
* * * LOW HITPOINT WARNING * * *
Casting: Scorch (safe; 4% risk of failure)
Confirm with . or Enter, or press ? or * to list all spells.
You don't have enough magic to cast this spell.
Casting: Scorch (safe; 4% risk of failure)
Confirm with . or Enter, or press ? or * to list all spells.
You conjure some foxfire!
Terence hits you with a +0 short sword.
* * * LOW HITPOINT WARNING * * *
The foxfire hits Terence.
Terence is severely wounded.
The foxfire hits Terence.
Terence is burned terribly!
Terence is almost dead.
Terence closely misses you.
Casting: Foxfire (safe; 4% risk of failure)
Confirm with . or Enter, or press ? or * to list all spells.
You don't have enough magic to cast this spell.
You hit Terence.
Terence is almost dead.
Terence hits you with a +0 short sword.
You die...

Action                   || total
-------------------------++-------
Melee: Dagger            ||     5
 Cast: Foxfire           ||    40
       Scorch            ||     7
 Stab: Sleeping          ||     1
Armor: Robe              ||     3
Dodge: Dodged            ||     9

Levels and vault maps discovered:
D:1:      tarquinn_simple_flora_water_b, layout_basic
D:2:      layout_basic, nicolae_underground_beach, uniq_terence

Notes
Turn   | Place    | Note
-------+----------+-------------------------------------------
     0 | D:1      | xzight the Deep Elf Fire Elementalist began the quest for
                  | the Orb.
     0 | D:1      | Reached XP level 1. HP: 10/10 MP: 6/6
   244 | D:1      | Reached XP level 2. HP: 15/15 MP: 4/8
   395 | D:1      | Learned a level 2 spell: Scorch
   973 | D:2      | Reached XP level 3. HP: 20/20 MP: 4/9
  1110 | D:2      | Noticed Terence
  1124 | D:2      | Slain by Terence

Vanquished Creatures
  4 endoplasms
  3 giant cockroaches
  A goblin (D:1)
  4 hobgoblins
  A quokka (D:1)
  5 ball pythons
  A bat (D:2)
  3 frilled lizards (D:1)
  4 kobolds (D:1)
  3 rats
29 creatures vanquished.

Vanquished Creatures (others)
  54 foxfires
54 creatures vanquished.

Grand Total: 83 creatures vanquished

Table legend: (Time is in decaauts)
 A = Elapsed time spent in this place.
 B = Non-inter-level travel time spent in this place.
 C = Inter-level travel time spent in this place.
 D = Time resting spent in this place.
 E = Time spent auto-exploring this place.
 F = Levels seen in this place.
 G = Mean time per level.
                   A        B        C        D        E       F      G
               +--------+--------+--------+--------+--------+-----+--------+
         Total |   1122 |   1101 |     21 |    200 |    693 |   2 |  561.0 |
       Dungeon |   1122 |   1101 |     21 |    200 |    693 |   2 |  561.0 |
               +--------+--------+--------+--------+--------+-----+--------+

Top non-repeatable levels by time:
     D:1: 945 daAuts
     D:2: 177 daAuts

Table legend:
 A = Non-vault XP
 B = Vault XP
 C = Vault XP percentage of total XP
 D = Non-vault monster count
 E = Vault monster count
 F = Vault count percentage of total count
                 A         B        C        D         E       F
            +---------+---------+-------+---------+---------+-------
      Total |      47 |       0 |   0.0 |      29 |       0 |   0.0
            +---------+---------+-------+---------+---------+-------
        D:1 |      35 |       0 |   0.0 |      22 |       0 |   0.0
        D:2 |      12 |       0 |   0.0 |       7 |       0 |   0.0
            +---------+---------+-------+---------+---------+-------
